 Dungeon Crawl Stone Soup version 0.21.1-1-g345015f (webtiles) character file.

91 Firecrotchwizard the Cutter (level 4, 10/23 HPs)
             Began as a Vine Stalker Artificer on Feb 23, 2018.
             Was an Initiate of Wu Jian.
             Quit the game on level 3 of the Dungeon.
             The game lasted 00:05:52 (3060 turns).

Firecrotchwizard the Cutter (VSAr)                  Turns: 3060, Time: 00:05:53

Health: 10/23      AC:  3    Str: 15    XL:     4   Next: 57%
Magic:  7/7        EV: 12    Int: 11    God:    Wu Jian [......]
Gold:   139        SH:  0    Dex: 15    Spells: 3/3 levels left

rFire    . . .     SeeInvis .   a - +0 short sword
rCold    . . .     Gourm    .   (no shield)
rNeg     . . .     Faith    .   b - +0 leather armour
rPois    .         Spirit   +   (no helmet)
rElec    .         Reflect  .   (no cloak)
rCorr    .         Harm     .   (no gloves)
MR       .....                  (no boots)
Stlth    ++........             (no amulet)
HPRegen  0.47/turn              h - ring of wizardry {Wiz+, !d}
MPRegen  0.10/turn              (no ring)

@: mildly poisoned (10 -> 8)
A: fangs 2, regeneration 1, magic shield, antimagic bite, no potion heal 3, rot
immunity
a: Renounce Religion


You were on level 3 of the Dungeon.
You worshipped Wu Jian.
Wu Jian was noncommittal.
You were not hungry.

You visited 1 branch of the dungeon, and saw 3 of its levels.

You collected 139 gold pieces.

Inventory:

Hand Weapons
 a - a +0 short sword (weapon)
 i - a +1 spear of flaming
   (You found it on level 1 of the Dungeon)
Missiles
 j - 56 stones (quivered)
Armour
 b - a +0 leather armour (worn)
Jewellery
 h - a ring of wizardry (left hand) {Wiz+, !d}
   (You found it on level 1 of the Dungeon)
 n - an uncursed ring of wizardry {Wiz+, !d}
   (You found it on level 1 of the Dungeon)
Wands
 c - a wand of flame (14)
 d - a wand of enslavement (15)
 e - a wand of random effects (15)
Scrolls
 k - a scroll of enchant armour {unknown}
 m - a scroll of enchant weapon {unknown}
 o - 4 scrolls of identify {unknown}
 q - a scroll of remove curse {unknown}
 r - a scroll of fog {unknown}
Potions
 g - 2 potions of berserk rage {unknown}
 p - a potion of haste {unknown}
Comestibles
 f - 8 rations {@e1}
 l - 7 chunks of flesh {@w0}


   Skills:
 + Level 2.2 Fighting
 * Level 3.2 Short Blades
 - Level 1.5 Dodging
 - Level 1.2 Stealth
 - Level 2.6 Evocations


You had 3 spell levels left.
You didn't know any spells.

Dungeon Overview and Level Annotations

Branches:
Dungeon (3/15)

Altars:
Wu Jian

Annotations:
D:2 1 runed door


Innate Abilities, Weirdness & Mutations

You have extremely sharp teeth.
Your natural rate of healing is unusually fast.
When hurt, damage is shared between your health and your magic reserves.
Your bite disrupts and absorbs the magic of your enemies.
Potions cannot restore your health.
You are immune to rotting.


Message History

Aim: an adder You throw a stone.
The stone barely misses the adder.
The adder completely misses you.
You closely miss the adder. The adder barely misses you.
You closely miss the adder. The adder closely misses you.
You hit the adder but do no damage. You bite the adder. You drain its power.
The adder bites you but does no damage. x2
You hit the adder.
You kill the adder!
The Council accepts your kill.
Your Fighting skill increases to level 2!
You have reached level 4!
You feel agile.
You begin to heal more quickly.
Health restored: 23; MP restored: 7 You butcher the adder corpse.
l - 7 chunks of flesh {@w0} (gained 1)
j - 61 stones (gained 2)
A giant cockroach comes into view.
The giant cockroach waves its antennae.
The giant cockroach moves out of view.
j - 62 stones (gained 1)
Aim: a giant cockroach (clinging)
You throw a stone. The stone hits the giant cockroach.
Aim: a giant cockroach (moderately wounded, clinging)
You throw a stone.
The stone barely misses the giant cockroach.
No target in view!
No target in view!
A hobgoblin comes into view. It is wielding a club.
The giant cockroach bites you but does no damage.
The hobgoblin shouts!
You hit the giant cockroach.
You kill the giant cockroach!
The Council accepts your kill.
Aim: a hobgoblin, wielding a club You throw a stone.
The stone hits the hobgoblin but does no damage.
You barely miss the hobgoblin.
You bite the hobgoblin, but do no damage.
The hobgoblin hits you with a club.
You take 3 damage, and have 20/23 hp.
You now have 6/7 mp.
You hit the hobgoblin.
The hobgoblin hits you but does no damage.
A worker ant comes into view.
You barely miss the hobgoblin. The hobgoblin hits you with a club.
You take 1 damage, and have 19/23 hp.
You now have 5/7 mp.
You barely miss the hobgoblin.
You kill the hobgoblin!
The Council accepts your kill.
Aim: a worker ant You throw a stone.
The stone hits the worker ant.
Aim: a worker ant (lightly wounded)
You throw a stone.
The stone closely misses the worker ant.
Aim: a worker ant (lightly wounded)
You throw a stone.
The stone hits the worker ant but does no damage.
You hit the worker ant but do no damage.
Your bite misses the worker ant. The worker ant closely misses you.
You barely miss the worker ant. The worker ant bites you.
You are poisoned.
The worker ant poisons you!
You take 2 damage, and have 19/23 hp.
You now have 4/7 mp.
You hit the worker ant.
You feel sick. The worker ant bites you.
You take 2 damage, and have 17/23 hp.
You hit the worker ant. The worker ant barely misses you.
The worker ant bites you but does no damage.
You hit the worker ant but do no damage.
You feel sick. The worker ant bites you.
You are more poisoned.
The worker ant poisons you!
You take 3 damage, and have 15/23 hp.
You now have 4/7 mp.
You hit the worker ant but do no damage.
You bite the worker ant. You drain its power.
You feel invigorated.
You feel sick. The worker ant bites you.
You take 1 damage, and have 14/23 hp.
MP restored: 7 You closely miss the worker ant.
You feel sick.
The worker ant bites you but does no damage.
You take 1 damage, and have 13/23 hp.
You hit the worker ant.
You feel sick. The worker ant bites you.
You take 2 damage, and have 11/23 hp.
You hit the worker ant.
You kill the worker ant!
The Council accepts your kill.
Your Short Blades skill increases to level 3!
You feel sick.
You feel sick.
Things that are here:
a club; a hobgoblin corpse You take 1 damage, and have 10/23 hp.
Quiver which item? (- for none, * to show all) (? for menu, Esc to quit)
You don't have any such object.
Quiver which item? (- for none, * to show all) (? for menu, Esc to quit)
Huh?
Quiver which item? (- for none, * to show all) (? for menu, Esc to quit)
Quiver which item? (- for none, * to show all) (? for menu, Esc to quit)
Okay, then.
Unknown command.

.####.#...#....#..
.# #..#...####.#..
.# #.##...####.#...
.###'##...#..#.#>..
.#...........#.#(#
.#.............#('
.#......#......#(#
#
.#......#..###.#(#
..# .###'##.#..#
#.#@#....#
......#.#..#
#....((....
#######.#.!#
###.#######
........#..# #.#
######### #.# #.#
#.# #.# .#


There were no monsters in sight!

Vanquished Creatures
  A worker ant (D:3)
  An adder (D:3)
  2 worms (D:2)
  4 leopard geckos
  7 giant cockroaches
  2 goblins
  9 hobgoblins
  3 bats
  4 frilled lizards
  6 kobolds
  8 rats
47 creatures vanquished.

Vanquished Creatures (others)
  A goblin (D:3)
1 creature vanquished.

Grand Total: 48 creatures vanquished

Notes
Turn   | Place    | Note
-------+----------+-------------------------------------------
     0 | D:1      | Firecrotchwizard the Vine Stalker Artificer began the quest for the Orb.
     0 | D:1      | Reached XP level 1. HP: 9/9 MP: 3/3
    13 | D:1      | Reached skill level 1 in Short Blades
    15 | D:1      | Reached skill level 1 in Fighting
    97 | D:1      | HP: 2/10 [kobold (1)]
   112 | D:1      | Reached XP level 2. HP: 4/14 MP: 5/5
   889 | D:1      | Reached skill level 2 in Short Blades
  1100 | D:1      | Reached XP level 3. HP: 12/18 MP: 3/6
  1847 | D:2      | Found an ornate altar of the Wu Jian Council.
  1857 | D:2      | Became a worshipper of the Wu Jian Council
  2455 | D:2      | Found a runed door.
  3029 | D:3      | Reached skill level 2 in Fighting
  3029 | D:3      | Gained mutation: Your natural rate of healing is unusually fast. [Vine Stalker growth]
  3029 | D:3      | Reached XP level 4. HP: 23/23 MP: 7/7
  3058 | D:3      | Reached skill level 3 in Short Blades
  3060 | D:3      | Quit the game

Skill      XL: |  1  2  3  4 |
---------------+-------------+-----
Short Blades   | 1 2 3 |  3.2
Fighting       | 1 2 |  2.2
Dodging        | |  1.5
Stealth        | |  1.2
Evocations     | |  2.6

Action                   |  1- 3 |  4- 6 || total
-------------------------+-------+-------++-------
Melee: Short sword       |   154 |    14 ||   168
       Bite              |    31 |     3 ||    34
Throw: Stone             |    92 |     6 ||    98
Invok: Lunge             |     7 |       ||     7
Evoke: Wand              |     1 |       ||     1
 Stab: Sleeping          |     2 |       ||     2
  Eat: Chunk             |     7 |       ||     7
Armor: Leather armour    |    33 |     3 ||    36
Dodge: Dodged            |    81 |     2 ||    83

Vault maps used:
D:1:      lightli_arrival_maybe_door_vault, hex_intersection
D:2:      lemuel_crystal_altar, first_ration, minmay_crystal_water,
          uniq_crazy_yiuf_cottage
D:3:      nicolae_overflow_hidden_temple, lemuel_old_faithful

Table legend:
 A = Turns spent in this place as a percentage of turns spent in the entire game.
 B = Non-inter-level travel turns spent in this place as a percentage of non-inter-level travel turns spent in the entire game.
 C = Inter-level travel turns spent in this place as a percentage of turns spent in this place.
 D = Turns resting spent in this place as a percentage of non-inter-level travel turns spent in this place.
 E = Turns spent auto-exploring this place as a percentage of non-inter-level travel turns spent in this place.
 F = Non-inter-level travel turns spent in this place divided by the number of levels of this place that you've seen.
                   A       B       C       D       E      F
               +-------+-------+-------+-------+-------+----------------------
         Total | 100.0 | 100.0 |   3.5 |  30.8 |  54.6 | 984.0
       Dungeon | 100.0 | 100.0 |   3.5 |  30.8 |  54.6 | 984.0
               +-------+-------+-------+-------+-------+----------------------

Table legend:
 A = Kills in this place as a percentage of kills in entire the game.
 B = Kills by you in this place as a percentage of kills by you in the entire game.
 C = Kills by friends in this place as a percentage of kills by friends in the entire game.
 D = Other kills in this place as a percentage of other kills in the entire game.
 E = Experience gained in this place as a percentage of experience gained in the entire game.
 F = Experience gained in this place divided by the number of levels of this place that you have seen.
                   A       B       C       D       E      F
               +-------+-------+-------+-------+-------+----------------------
         Total | 100.0 | 100.0 |   N/A |   N/A | 100.0 |  43.3
       Dungeon | 100.0 | 100.0 |   N/A |   N/A | 100.0 |  43.3
               +-------+-------+-------+-------+-------+----------------------
